AoeStats
← aniketkulkarni0308

Arena

510113418Analyzed
4v4 RM · 3d ago on Sep 29, 2026· 25m 52s· 8 players
Game mode
Random Map
Map size
Large (8 player)
Population
200
Speed
Normal
Resources
Standard
Victory
Conquest
Starting age
Dark Age
Ending age
Imperial Age
RankedLock teamsTeams togetherTeam positionsShared explorationLock speedFull tech treeHidden civsTurbo modeCheats
Victory
Defeat
🇮🇹 Danes · Italy
929
+16
🇬🇧 Turks · United Kingdom
916
+17
🇷🇴 Goths · Romania
913
+17
🇮🇹 Franks · Italy
881
+18
🇨🇳 Mongols · China
1093
-23
🇨🇴 Byzantines · Colombia
933
-17
🇮🇳 Tatars · India
909
-16
🇨🇳 Spanish · China
804
-12
IOZIF
5:01 Loom
11:14 Feudal Age
12:19 Double-Bit Axe
15:02 Castle Age
14:22 Stone Mining
15:21 Horse Collar
18:13 Bow Saw
20:01 Scale Mail Armor
22:00 Forging
24:55 Heavy Plow
25:34 Wheelbarrow
R A T I G H E R
4:03 Loom
11:43 Feudal Age
16:22 Castle Age
15:24 Forging
15:05 Double-Bit Axe
15:02 Horse Collar
16:00 Gold Mining
19:08 Bow Saw
19:45 Heavy Plow
22:26 Iron Casting
22:48 Scale Mail Armor
22:55 Squires
22:42 Gambesons
22:44 Arson
Julian
4:02 Loom
11:42 Feudal Age
12:11 Double-Bit Axe
20:17 Castle Age
18:57 Stone Mining
19:58 Forging
19:54 Scale Barding Armor
21:59 Wheelbarrow
22:05 Iron Casting
21:50 Chain Barding Armor
kuro3bb
10:09 Feudal Age
10:43 Double-Bit Axe
11:35 Wheelbarrow
17:13 Castle Age
16:17 Stone Mining
21:49 Bow Saw
22:44 Gold Mining
aniketkulkarni0308
4:10 Loom
11:35 Feudal Age
15:35 Castle Age
14:14 Double-Bit Axe
14:16 Horse Collar
20:41 Wheelbarrow
21:05 Town Watch
22:21 Bow Saw
23:15 Scale Barding Armor
23:26 Heavy Plow
23:59 Forging
24:41 Hand Cart
雨落
10:33 Feudal Age
12:02 Double-Bit Axe
14:22 Castle Age
12:27 Horse Collar
15:28 Bow Saw
15:21 Heavy Plow
20:53 Wheelbarrow
22:10 Gold Mining
22:11 Stone Mining
24:05 Stone Shaft Mining
25:44 Hand Cart
25:23 Fletching
25:53 Loom
JAKOW45
2:44 Loom
10:26 Feudal Age
16:54 Castle Age
15:00 Double-Bit Axe
16:33 Horse Collar
20:47 Bow Saw
23:15 Forging
26:55 Wheelbarrow
justjust
7:30 Loom
10:15 Feudal Age
11:38 Double-Bit Axe
12:32 Gold Mining
15:00 Horse Collar
16:12 Stone Mining
17:41 Padded Archer Armor
18:51 Wheelbarrow
19:25 Scale Barding Armor
22:20 Castle Age
Connection lost

Rejoining the realm…

Still unreachable

The connection could not be restored.

Session expired

The server has moved on; the page needs a fresh start.